Map: Catalyst LE

Players

Spawn - Winner!

  • Race: Protoss Protoss
  • League: Silver
  • Spawn Location: 11:00

Bel

  • Race: Terran Terran
  • League: Diamond
  • Spawn Location: 5:00

VOD

Have the link to the VOD?

Description

Time

  • Played on: Jan. 31, 2018, 1:02 p.m.
  • Length: 18:50
Show
View Real Time Build Order
Export as new Build Order

Spawn Protoss - Winner!

Build Orders: 1 Gate Expand, Blink Stalkers 

Get SALT Encoding   

  12  0:01  Probe  
  13  0:13  Probe  
  14  0:19  Pylon  
  14  0:25  Probe  
  15  0:40  Gateway  
  15  0:44  Probe (Chrono Boost)  
  16  0:50  Assimilator  
  16  0:53  Probe (Chrono Boost)  
  17  0:58  Probe (Chrono Boost)  
  18  1:10  Probe  
  19  1:25  Probe  
  20  1:35  Nexus  
  21  1:45  Cybernetics Core  
  20  1:48  Probe  
  21  1:57  Pylon  
  21  2:02  Probe  
  22  2:14  Probe  
  22  2:18  Stalker (Chrono Boost)  
  24  2:23  Warp Gate  
  24  2:32  Twilight Council  
  24  2:35  Probe (Chrono Boost)  
  25  2:39  Assimilator  
  25  2:46  Stalker  
  25  2:47  Probe (Chrono Boost)  
  28  2:53  Probe (Chrono Boost)  
  29  3:10  Gateway  
  29  3:12  Gateway  
  29  3:23  Blink  
  29  3:28  Probe (Chrono Boost)  
  29  3:29  Probe (Chrono Boost)  
  31  3:39  Probe x2 (Chrono Boost)  
  33  3:43  Stalker  
  33  3:44  Probe x2 (Chrono Boost)  
  37  3:54  Probe x2  
  37  4:06  Probe x2  
  37  4:18  Probe x2, Assimilator  
  37  4:21  Assimilator  
  39  4:26  Shield Battery  
  39  4:28  Pylon  
  39  4:30  Probe x2  
  41  4:33  Shield Battery  
  41  4:35  Stalker x2  
  45  4:45  Pylon  
  45  5:15  Templar Archives  
  45  5:18  Stalker x3  
  45  5:19  Nexus  
  45  5:21  Pylon  
  51  5:23  Pylon  
  51  5:28  Robotics Facility  
  51  5:38  Pylon, Psionic Storm, Forge  
  51  5:40  Shield Battery  
  51  5:45  Shield Battery  
  51  5:51  Probe (Chrono Boost)  
  51  5:56  Probe (Chrono Boost)  
  53  6:02  Probe (Chrono Boost)  
  55  6:05  Probe (Chrono Boost)  
  55  6:06  Pylon  
  55  6:10  High Templar x2  
  55  6:11  High Templar  
  61  6:16  Probe (Chrono Boost)  
  63  6:18  Observer  
  63  6:24  Probe (Chrono Boost)  
  64  6:28  Probe (Chrono Boost), Protoss Ground Weapons Level 1 (Chrono Boost)  
  65  6:35  Probe (Chrono Boost)  
  65  6:36  Probe (Chrono Boost)  
  65  6:38  Gateway  
  65  6:39  Probe (Chrono Boost)  
  67  6:42  Probe, Gateway  
  67  6:43  Observer  
  67  6:44  Stalker  
  67  6:46  Stalker  
  74  6:48  Probe  
  74  6:50  Probe  
  76  6:55  Probe (Chrono Boost)  
  76  7:00  Probe (Chrono Boost)  
  78  7:04  Probe (Chrono Boost)  
  80  7:10  Stalker  
  80  7:11  Probe (Chrono Boost)  
  80  7:12  Probe x2 (Chrono Boost)  
  80  7:13  Observer  
  85  7:16  Probe (Chrono Boost)  
  85  7:17  Probe (Chrono Boost)  
  85  7:18  Probe  
  88  7:28  Assimilator  
  88  7:30  High Templar x2  
  88  7:32  Assimilator  
  92  7:40  High Templar  
  94  7:51  Charge (Chrono Boost)  
  93  8:01  Observer  
  93  8:13  Nexus  
  93  8:15  Pylon  
  93  8:18  Nexus  
  93  8:30  High Templar x3  
  93  8:31  High Templar  
  101  8:34  Archon  
  101  8:35  Archon  
  101  8:41  Archon  
  101  8:44  Zealot  
  103  8:51  Gateway  
  103  8:55  Gateway  
  103  9:05  Shield Battery  
  103  9:07  Shield Battery  
  103  9:08  High Templar, Shield Battery  
  103  9:09  High Templar x3, Shield Battery  
  111  9:12  Archon x2  
  111  9:23  Pylon  
  111  9:25  Protoss Ground Weapons Level 2 (Chrono Boost)  
  111  9:27  Observer (Chrono Boost)  
  112  9:37  Stalker  
  114  9:43  Stalker  
  114  9:59  Pylon  
  114  10:02  Pylon  
  114  10:06  Observer  
  115  10:10  Probe x3  
  115  10:12  Probe  
  119  10:16  Assimilator  
  119  10:20  Assimilator  
  119  10:22  Probe x3, Shield Battery  
  119  10:24  Shield Battery  
  122  10:29  Forge  
  122  10:34  Probe, Robotics Bay  
  123  10:46  Probe  
  123  10:47  Warp Prism  
  126  10:51  High Templar x2  
  126  10:52  Zealot  
  96  12:17  Zealot x3  
  90  12:30  Robotics Facility  
  90  12:44  Dark Shrine  
  90  12:46  High Templar x3  
  96  13:09  Gateway  
  96  13:11  Gateway  
  96  13:12  Gateway  
  96  13:30  Zealot x3  
  96  13:31  Pylon  
  102  13:34  Archon  
  102  13:35  Pylon  
  102  13:41  Protoss Ground Weapons Level 3 (Chrono Boost)  
  102  13:42  Photon Cannon x2  
  102  13:44  Photon Cannon  
  102  13:46  Protoss Ground Armor Level 1 (Chrono Boost), Photon Cannon  
  102  13:48  Colossus (Chrono Boost), Shield Battery  
  102  13:50  Colossus (Chrono Boost)  
  102  13:52  Pylon  
  102  13:54  Pylon, Extended Thermal Lance  
  114  14:07  Assimilator  
  114  14:10  Dark Templar  
  114  14:11  Assimilator, Dark Templar  
  118  14:17  High Templar x4  
  118  14:21  Archon x2  
  126  14:53  Probe  
  127  15:02  Colossus x2 (Chrono Boost)  
  127  15:05  Probe  
  140  15:11  Zealot x3  
  140  15:12  Zealot x6  
  140  15:13  Zealot  
  160  15:17  Probe  
  161  15:30  Probe, Protoss Shields Level 1 (Chrono Boost)  
  162  15:45  Dark Templar x3  
  162  15:46  Dark Templar  
  162  15:49  Zealot x3  
  176  15:50  Zealot x3  
  176  15:56  Pylon  
  182  15:57  Pylon  
  182  15:59  Pylon  
  182  16:02  Pylon  
  182  16:10  Protoss Ground Armor Level 2 (Chrono Boost)  
  182  16:13  Colossus x2 (Chrono Boost)  
  182  16:16  Nexus  
  185  16:34  Dark Templar  
  183  16:57  High Templar x5  
  183  16:58  High Templar x3  
  183  17:00  Archon  
  183  17:01  Archon x2  
  199  17:02  Archon x2  
Show
View Real Time Build Order
Export as new Build Order

Bel Terran 

Build Orders:  

Get SALT Encoding   

  12  0:00  SCV  
  13  0:13  SCV  
  14  0:21  Supply Depot  
  14  0:34  SCV  
  15  0:46  Barracks, SCV  
  16  0:59  SCV  
  17  1:11  SCV  
  18  1:23  Command Center  
  19  1:34  Marine  
  19  1:36  Orbital Command  
  19  1:56  Marine  
  19  2:00  Refinery  
  20  2:01  Refinery  
  20  2:16  Marine  
  20  2:18  SCV  
  22  2:23  Supply Depot  
  22  2:30  Barracks  
  22  2:35  Orbital Command  
  22  2:41  SCV  
  22  2:42  Marine  
  24  2:54  SCV  
  24  2:56  Bunker, Factory  
  25  3:08  Barracks Tech Lab  
  25  3:15  SCV x2  
  25  3:18  Barracks Reactor  
  27  3:27  SCV  
  27  3:28  SCV  
  27  3:30  Stimpack  
  27  3:31  Marauder  
  31  3:40  SCV x2  
  33  3:49  Starport  
  33  3:52  SCV x2, Engineering Bay  
  33  4:07  Marine x2  
  33  4:08  Marauder  
  37  4:15  SCV x2  
  39  4:20  Supply Depot  
  39  4:22  Barracks  
  39  4:27  Medivac  
  39  4:29  Marauder  
  43  4:31  Factory Reactor  
  43  4:33  SCV x2  
  45  4:41  Refinery  
  45  4:45  SCV  
  46  4:48  Refinery  
  46  4:51  Marine x2  
  46  4:52  Marauder  
  49  4:58  SCV x2  
  48  5:02  Terran Infantry Weapons Level 1  
  48  5:04  Missile Turret  
  48  5:08  Missile Turret  
  48  5:10  SCV  
  49  5:14  SCV  
  49  5:18  Barracks Reactor  
  49  5:19  Marine x2  
  52  5:24  Marauder  
  54  5:35  Supply Depot  
  54  5:37  Supply Depot  
  54  5:48  Missile Turret  
  54  5:56  SCV x2, Marine x2  
  60  5:57  Marauder  
  60  6:02  Marine x2  
  62  6:09  Barracks  
  62  6:11  SCV x2  
  63  6:14  Medivac x2  
  63  6:17  Marine x2  
  70  6:23  Supply Depot  
  70  6:24  Supply Depot  
  70  6:28  SCV x2, Marauder  
  70  6:30  Missile Turret  
  74  6:37  Marine x2  
  74  6:39  Marine x2  
  78  6:44  SCV x2  
  78  6:47  Supply Depot  
  80  6:48  Medivac  
  80  6:50  Supply Depot  
  82  6:56  SCV, Terran Infantry Armor Level 1  
  82  6:58  Barracks Tech Lab  
  82  7:01  Concussive Shells  
  83  7:08  Barracks  
  83  7:16  Marine x2, Marauder x2  
  83  7:17  Marine  
  83  7:18  Marine  
  83  7:19  SCV  
  92  7:24  Supply Depot  
  92  7:31  Supply Depot  
  92  7:33  SCV x2  
  94  7:39  Marine x2, Marauder x2  
  94  7:42  Medivac  
  102  7:44  Medivac  
  104  7:56  Marine x2  
  104  7:57  Barracks Tech Lab  
  106  8:01  SCV x2  
  108  8:07  Supply Depot, Armory  
  108  8:21  Ghost Academy  
  108  8:24  Engineering Bay  
  108  8:25  SCV x2  
  110  8:43  Command Center  
  110  8:53  Marine x4, Marauder x3  
  120  8:59  SCV x2  
  120  9:01  Supply Depot  
  122  9:02  Terran Infantry Weapons Level 2  
  122  9:03  Terran Infantry Armor Level 2  
  122  9:10  Marine  
  122  9:14  Marauder  
  122  9:15  Marauder  
  117  9:38  Ghost x2  
  117  9:39  Ghost, Marine  
  117  9:40  Marine x3  
  127  9:46  Medivac x2  
  131  10:07  Ghost  
  131  10:08  Ghost, Marine  
  131  10:09  Marine x3  
  131  10:11  SCV x2  
  138  10:14  Orbital Command  
  132  10:25  Ghost  
  134  10:31  Barracks  
  134  10:32  Liberator  
  134  10:36  Ghost  
  134  10:39  Barracks  
  134  10:40  Refinery  
  134  10:41  Refinery  
  136  10:43  Ghost  
  136  10:46  Marine x4  
  141  10:53  Ghost  
  146  11:04  Ghost  
  146  11:09  Marine x3  
  146  11:10  Marine  
  151  11:13  Marauder  
  153  11:22  Marauder  
  155  11:27  Marine x2  
  150  11:34  Marauder x2  
  150  11:38  Marine x2  
  144  11:44  Marauder  
  144  11:45  Marine x2  
  143  12:06  Marauder x2  
  143  12:07  Marauder  
  116  12:11  Marine x4  
  93  12:26  Command Center  
  93  12:28  Marauder x3, Marine  
  93  12:29  Marine  
  101  12:35  Command Center  
  101  12:40  Marine x2  
  103  12:46  Marine  
  103  12:49  Marauder x3  
  110  12:53  Medivac  
  112  13:10  Ghost, Marine x4, Marauder  
  112  13:11  Marauder  
  122  13:23  Medivac  
  122  13:24  Medivac  
  126  13:31  Ghost  
  128  13:41  Supply Depot  
  128  13:42  Marine x3  
  128  13:43  Marauder x2, Marine  
  128  13:46  Barracks Reactor, Barracks Tech Lab  
  136  13:59  SCV x2  
  136  14:00  Marine x2, Marauder  
  142  14:03  Orbital Command  
  142  14:08  Orbital Command  
  142  14:11  SCV x2  
  144  14:19  Terran Infantry Weapons Level 3  
  144  14:28  SCV x2  
  146  14:33  SCV  
  146  14:34  SCV  
  146  14:35  Marine x3  
  146  14:36  Marine, Marauder x3  
  158  14:38  Supply Depot  
  158  14:43  Ghost  
  158  14:45  Terran Infantry Armor Level 3  
  160  14:49  SCV x2  
  160  14:50  SCV x2  
  164  14:54  Marine x3  
  164  14:55  Marine  
  164  14:56  Ghost, Marine  
  164  14:57  Marine x2  
  164  14:59  Combat Shields  
  173  15:19  Missile Turret, Marine x3  
  173  15:20  Marine, Marauder x3  
  183  15:21  Missile Turret  
  183  15:22  SCV  
  183  15:25  SCV x2  
  183  15:26  Marauder  
  188  15:39  Supply Depot  
  188  15:41  Ghost x2, Marauder  
  194  15:45  Missile Turret  
  194  15:46  Ghost  
  194  15:49  Missile Turret  
  196  16:02  Ghost  
  196  16:17  Command Center, Missile Turret  
  190  16:38  Missile Turret  
  190  16:39  Missile Turret  
  189  17:24  Ghost  
  189  17:25  Refinery, Ghost  
  193  17:50  Barracks  
  192  17:51  Barracks  
  192  17:52  Barracks  
Tags
 
Add a new tag
Caveats
  • Supply blocks, unpowered buildings, or Contaminate may cause inaccurate times.
  • Supply counts are checked every 10 seconds.